 Dungeon Crawl Stone Soup version 0.26.0-45-g9c1d065592 (webtiles) character file.

Game seed: 5733719976181140284

154 ANNNA the Magician (level 5, -9/28 HPs)
             Began as a Deep Elf Venom Mage on Jan 27, 2021.
             Killed from afar by an orc wizard (15 damage)
             ... with a puff of flame
             ... on level 4 of the Dungeon.
             The game lasted 00:10:11 (4017 turns).

ANNNA the Magician (Deep Elf Venom Mage)            Turns: 4017, Time: 00:10:12

Health: -9/28      AC:  2    Str:  6    XL:     5   Next: 13%
Magic:  2/14       EV: 13    Int: 20    God:
Gold:   237        SH:  0    Dex: 15    Spells: 4/13 levels left

rFire    x . .     SeeInvis .   i - +3 dagger
rCold    + . .     Faith    .   (no shield)
rNeg     . . .     Spirit   .   a - +0 robe
rPois    .         Reflect  .   (no helmet)
rElec    .         Harm     .   (no cloak)
rCorr    .         Rampage  .   (no gloves)
Will     .....                  (no boots)
Stlth    ++........             (no amulet)
HPRegen  0.09/turn              r - ring of ice
MPRegen  0.14/turn              (no ring)

@: no status effects
A: no striking features
a: no special abilities


You were on level 4 of the Dungeon.
You visited 1 branch of the dungeon, and saw 4 of its levels.

You collected 237 gold pieces.

Inventory:

Hand Weapons
 i - a +3 dagger (weapon)
Missiles
 g - 113 stones
Armour
 a - a +0 robe (worn)
Jewellery
 r - a ring of ice (left hand)
Scrolls
 c - a scroll of fog {unknown}
 e - 3 scrolls of remove curse {unknown}
 f - a scroll of teleportation {unknown}
 j - 2 scrolls of amnesia {unknown}
 k - a scroll of identify {unknown}
 m - a scroll of magic mapping {unknown}
 n - 2 scrolls of fear {unknown}
 p - a scroll of blinking {unknown}
 q - a scroll of immolation {unknown}
 s - a scroll of random uselessness {unknown}
Potions
 b - 4 potions of curing
 d - 2 potions of cancellation {unknown}
 h - 2 potions of heal wounds {unknown}
 l - a potion of degeneration {unknown}
 o - a potion of ambrosia {unknown}


   Skills:
 + Level 3.2 Dodging
 + Level 2.9 Stealth
 + Level 4.7 Spellcasting
 + Level 2.3 Transmutations
 + Level 0.4 Air Magic
 + Level 4.4 Poison Magic


You had 4 spell levels left.
You knew the following spells:

 Your Spells              Type           Power        Failure   Level
a - Sting                 Tmut/Pois      72%          3%          1
b - Poisonous Vapours     Pois/Air       28%          7%          2
c - Ignite Poison         Fire/Tmut/Pois 13%          14%         3
d - Mephitic Cloud        Conj/Pois/Air  11%          19%         3

Your spell library contained the following spells:

 Spells                   Type           Power        Failure   Level
 Olgreb's Toxic Radiance  Pois           22%          19%         4


Dungeon Overview and Level Annotations

Branches:
Dungeon (4/15)
 Temple: D:4-7

Altars:
Gozag
Kikubaaqudgha

Annotations:
D:3 3 runed translucent doors, DasRunzen's ghost, weakling DsAK


Message History

The worker ant is almost dead.
The worker ant barely misses you. The worker ant bites you!
* * * LOW HITPOINT WARNING * * *
There is an open door here.
You hit the worker ant.
You kill the worker ant!
Your Dodging skill increases to level 3!
You have reached level 5!
Casting: Sting (safe; 3% risk of failure)
Confirm with . or Enter, or press ? or * to list all spells.
Aiming: Poisonous Vapours (safe; 7% risk of failure)
Press: ? - help, Dir - move target, f - orc
Aim: an orc, carrying a wand of random effects (18) Poisonous vapours surround the orc!
You hear some strange, mumbled words.
A puff of flame appears from out of thin air!
The puff of flame hits you! The fire burns you terribly!
Ouch! That really hurt!
You die...

#..........# #..........#
####..........#####
###..#.....#####....#
.....#.....#...#)...#
.....#.....#...#....#
.....#.....#...#....######
.....#.....#...#.........#
##...#.....'o.{'@........#
8##'##.....###'#.........#
_##..#......#..#......).(#
8#+..#.....)#..#.........#
###..'....o.#..#.....#####
.##..#......#..#.....#
.##..#......#..#######
.....#......#..+
.>...#......+..#


You could see an orc.

Vanquished Creatures
  A worker ant (D:4)
  An adder (D:2)
  2 oozes
  3 worms
  3 dart slugs
  4 leopard geckos
  12 orcs
  11 giant cockroaches
  3 goblins
  12 hobgoblins
  3 jackals (D:1)
  6 kobolds
  A quokka (D:2)
  7 bats
  2 frilled lizards
  6 rats
77 creatures vanquished.

Notes
Turn   | Place    | Note
-------+----------+-------------------------------------------
     0 | D:1      | ANNNA the Deep Elf Venom Mage began the quest for the Orb.
     0 | D:1      | Reached XP level 1. HP: 10/10 MP: 6/6
   291 | D:1      | Reached XP level 2. HP: 15/15 MP: 6/8
   294 | D:1      | Learned a level 2 spell: Poisonous Vapours
   641 | D:1      | Reached XP level 3. HP: 19/19 MP: 2/10
  1688 | D:2      | Reached XP level 4. HP: 24/24 MP: 8/12
  1694 | D:2      | Learned a level 3 spell: Ignite Poison
  1698 | D:2      | Learned a level 3 spell: Mephitic Cloud
  2262 | D:2      | Found an ancient bone altar of Kikubaaqudgha.
  2586 | D:3      | Found a runed translucent gate.
  3194 | D:3      | Found a runed translucent gate.
  3196 | D:3      | Found a runed translucent gate.
  3199 | D:3      | Noticed DasRunzen's ghost (weakling DsAK)
  3276 | D:3      | HP: 1/24 [poisoned by an orc]
  3680 | D:4      | Found an opulent altar of Gozag.
  4017 | D:4      | Reached XP level 5. HP: 6/28 MP: 4/14
  4017 | D:4      | Killed from afar by an orc wizard

Illustrated notes

Levels and vault maps discovered:
D:1:      scummos_arrival_star, layout_loops_corners, minmay_misc_feat_x,
          glass_columns_c
D:2:      minmay_roachtagon, layout_loops_ring, marbit_many_paths
D:3:      layout_loops_corners, ebering_ghost_rock_garden
D:4:      layout_gridville, serial_shops, nicolae_shop_window_shopping,
          grunt_gozag_breadcrumbs, uniq_natasha, uniq_edmund, uniq_pikel

Skill      XL: |  1  2  3  4 |
---------------+-------------+-----
Poison Magic   | 4 |  4.4
Spellcasting   | 4 |  4.7
Transmutations | 2 |  2.3
Dodging        | 3 |  3.2
Stealth        | |  2.9
Air Magic      | |  0.4

Action                   |  1- 3 |  4- 6 || total
-------------------------+-------+-------++-------
Melee: Unarmed           |     3 |       ||     3
       Dagger            |    11 |     9 ||    20
 Cast: Sting             |    36 |    16 ||    52
       Poisonous Vapours |    23 |    36 ||    59
       Ignite Poison     |       |     5 ||     5
  Use: Potion            |       |     1 ||     1
Armor: Robe              |     6 |       ||     6
Dodge: Dodged            |    18 |    19 ||    37
